Map: Dusk Towers

Players

Gooolati

  • Race: Protoss Protoss
  • League: Diamond

LilDicky - Winner!

  • Race: Terran Terran
  • League: Diamond

VOD

http://www.twitch.tv/tumescentpie

Description

Time

  • Played on: Dec. 10, 2015, 9:52 a.m.
  • Length: 5:56
Show
View Real Time Build Order
Export as new Build Order

Gooolati Protoss 

Build Orders:  

Get SALT Encoding   

  12  0:01  Probe (Chrono Boost)  
  13  0:11  Probe (Chrono Boost)  
  14  0:17  Pylon  
  14  0:22  Probe (Chrono Boost)  
  15  0:35  Probe (Chrono Boost)  
  16  0:37  Gateway  
  16  0:46  Probe (Chrono Boost)  
  17  0:51  Assimilator  
  17  0:56  Probe (Chrono Boost)  
  18  1:00  Gateway  
  18  1:07  Probe (Chrono Boost)  
  19  1:12  Pylon  
  19  1:17  Probe (Chrono Boost)  
  20  1:24  Cybernetics Core  
  20  1:29  Assimilator  
  20  1:37  Probe (Chrono Boost)  
  21  2:00  Adept  
  21  2:01  Adept  
  25  2:08  Mothership Core (Chrono Boost)  
  27  2:19  Nexus  
  27  2:29  Pylon  
  28  2:37  Probe (Chrono Boost)  
  28  2:45  Adept  
  28  2:47  Adept  
  32  2:52  Probe (Chrono Boost)  
  32  2:54  Warp Gate (Chrono Boost)  
  33  3:01  Pylon  
  32  3:20  Forge  
  32  3:35  Probe (Chrono Boost)  
  33  3:48  Probe (Chrono Boost)  
  33  3:51  Probe (Chrono Boost)  
  34  3:59  Probe (Chrono Boost)  
  35  4:10  Photon Cannon  
  35  4:12  Probe x2 (Chrono Boost)  
  36  4:20  Photon Cannon  
  36  4:22  Probe x2 (Chrono Boost)  
  38  4:31  Probe  
  38  4:34  Probe  
  38  4:36  Robotics Facility  
  38  4:46  Probe  
  39  4:58  Probe  
  40  5:00  Gateway  
  40  5:05  Probe, Assimilator  
  41  5:07  Sentry  
  41  5:08  Sentry  
  41  5:09  Assimilator  
  41  5:10  Probe  
  46  5:22  Probe  
  46  5:23  Observer (Chrono Boost)  
  46  5:24  Probe  
  49  5:34  Probe x2  
  50  5:36  Twilight Council  
  50  5:38  Forge  
  45  5:45  Stalker  
  45  5:46  Stalker  
Show
View Real Time Build Order
Export as new Build Order

LilDicky Terran - Winner!

Build Orders: MMM Bio 

Get SALT Encoding   

  12  0:01  SCV  
  13  0:13  SCV  
  14  0:17  Supply Depot  
  14  0:25  SCV  
  15  0:31  Refinery  
  15  0:39  SCV  
  16  0:45  Barracks  
  16  0:51  SCV  
  17  1:03  SCV  
  18  1:15  SCV  
  20  1:33  Orbital Command  
  20  1:34  Supply Depot, Marine  
  20  1:38  Factory  
  20  1:54  Marine  
  20  2:00  SCV, Barracks  
  22  2:07  Barracks  
  22  2:13  Refinery  
  22  2:14  Barracks Reactor  
  22  2:21  SCV  
  23  2:36  Widow Mine  
  24  2:37  SCV  
  25  2:45  Supply Depot  
  25  2:49  Barracks Tech Lab  
  25  2:50  SCV, Marine x2  
  28  2:54  Barracks Tech Lab  
  28  3:02  SCV  
  28  3:04  Widow Mine  
  31  3:08  Marine x2  
  33  3:14  Marine  
  33  3:17  Stimpack  
  33  3:18  Combat Shields  
  34  3:26  Supply Depot  
  34  3:29  Marine  
  34  3:31  Marine  
  34  3:33  Marine  
  35  3:44  Marine  
  35  3:45  SCV  
  35  3:46  Marine  
  38  3:50  Starport  
  38  3:55  Marine  
  40  4:03  Marauder  
  40  4:04  Marauder  
  43  4:10  Supply Depot  
  43  4:16  Marine  
  44  4:18  Marine  
  44  4:21  SCV  
  46  4:31  Marauder, Medivac  
  46  4:34  SCV  
  46  4:37  Supply Depot, Concussive Shells  
  51  4:42  Marauder  
  51  4:45  Marine x2  
  53  5:04  Medivac  
  53  5:06  Marine  
  53  5:07  Marauder x2, Marine  
  61  5:17  Supply Depot  
  61  5:24  Marine  
Tags
 
Add a new tag
Caveats
  • Supply blocks, unpowered buildings, or Contaminate may cause inaccurate times.
  • Supply counts are checked every 10 seconds.